 Dungeon Crawl Stone Soup version 0.23.2-1-ga50397a (webtiles) character file.

Game seed: 9261119042379772961

478 Fang the Skirmisher (level 7, -2/66 HPs)
             Began as a Gargoyle Berserker on Apr 24, 2019.
             Was a Follower of Trog.
             Slain by Menkaure (6 damage)
             ... on level 5 of the Dungeon.
             The game lasted 00:03:27 (3374 turns).

Fang the Skirmisher (Gargoyle Berserker)            Turns: 3374, Time: 00:03:29

Health: -2/66      AC:  7    Str: 31    XL:     7   Next: 11%
Magic:  7/7        EV: 13    Int:  7    God:    Trog [*.....]
Gold:   246        SH:  0    Dex:  9    Spells: 6/6 levels left

rFire    . . .     SeeInvis .   a - +1 war axe
rCold    . . .     Gourm    .   (no shield)
rNeg     + . .     Faith    .   b - +0 animal skin
rPois    ∞         Spirit   .   (no helmet)
rElec    +         Reflect  .   (no cloak)
rCorr    .         Harm     .   (no gloves)
MR       .....                  (no boots)
Stlth    ..........             n - amulet of the acrobat
HPRegen  0.21/turn              k - +3 ring of strength
MPRegen  0.10/turn              (no ring)

@: berserking, very quick
A: negative energy resistance 1, electricity resistance, unbreathing,
petrification resistance, rot immunity, AC +4
a: Berserk, Renounce Religion


You were on level 5 of the Dungeon.
You worshipped Trog.
Trog was aware of your devotion.
You were near starving.

You visited 1 branch of the dungeon, and saw 5 of its levels.

You collected 246 gold pieces.

Inventory:

Hand Weapons
 a - a +1 war axe (weapon)
Armour
 b - a +0 animal skin (worn)
Jewellery
 k - a +3 ring of strength (left hand)
 n - an amulet of the acrobat (around neck)
 t - an uncursed amulet of rage
Wands
 i - a wand of iceblast (5)
Scrolls
 f - 3 scrolls of remove curse
 g - a scroll of noise {unknown}
 h - 6 scrolls of identify {unknown}
 l - 3 scrolls of teleportation
Potions
 d - 2 potions of brilliance {unknown}
 e - a potion of flight {unknown}
 m - 2 potions of curing {unknown}
 o - a potion of resistance {unknown}
 p - 2 potions of lignification {unknown}
 q - 2 potions of haste {unknown}
 r - a potion of ambrosia {unknown}
 s - a potion of heal wounds {unknown}
Comestibles
 c - 9 rations


   Skills:
 + Level 5.2 Fighting
 + Level 4.2 Axes
 + Level 4.4 Armour
 + Level 3.2 Dodging


You had 6 spell levels left.
You didn't know any spells.
Your spell library was empty.

Dungeon Overview and Level Annotations

Branches:
Dungeon (5/15)
 Temple: D:4-7

Altars:
Qazlal

Annotations:
D:5 Menkaure


Innate Abilities, Weirdness & Mutations

You are resistant to torment.
Your stone body is resilient. (AC +4)
You are immune to poison.
You resist negative energy. (rN+)
You are resistant to electric shocks. (rElec)
You can survive without breathing.
You are immune to petrification.
You are immune to rotting.


Message History

Menkaure is lightly damaged.
Menkaure barely misses you.
You hit Menkaure.
Menkaure is moderately damaged.
A jackal comes into view.
Menkaure completely misses you.
The jackal barks! x2
You hit the troll.
The troll is severely wounded.
You hit Menkaure. Menkaure hits you! The troll closely misses you.
The troll barely misses you. The troll claws you.
A red film seems to cover your vision as you go berserk!
You feel yourself moving faster!
You feel mighty!
You are near starving!
The troll barely misses you. The troll claws you!
* * * LOW HITPOINT WARNING * * *
The troll claws you!
* * * LOW HITPOINT WARNING * * *
Menkaure hits you.
You die...

##### .............#
....## .............
.....## #...........#
......## #.....h..h.#
.......## #........#
........## #........#
.........## #...Th.#
..........###...@M.##.
...........###..###...#
...........###..#...###
............##.....#
...........##..##...#
...........#.### ....#
............## ....
...........## ....
...[....#..# ...


You could see a troll, Menkaure and 3 jackals.

Vanquished Creatures
  An ice beast (D:5)
  Blork the orc (D:5)
  A howler monkey (D:5)
  A crimson imp (D:5)
  A hound (D:5)
  A centaur skeleton (D:5)
  2 worker ants
  A howler monkey zombie (D:4)
  6 adders
  An adder skeleton (D:5)
  4 worms
  2 dart slugs
  2 leopard geckos (D:2)
  9 orcs
  6 bats
  3 giant cockroaches
  2 hobgoblins
  2 jackals (D:3)
  A quokka (D:3)
  2 frilled lizards
  5 goblins
  4 kobolds
  4 rats
62 creatures vanquished.

Notes
Turn   | Place    | Note
-------+----------+-------------------------------------------
     0 | D:1      | Fang the Gargoyle Berserker began the quest for the Orb.
     0 | D:1      | Reached XP level 1. HP: 14/14 MP: 1/1
   183 | D:1      | Reached XP level 2. HP: 18/19 MP: 2/2
   913 | D:2      | Reached XP level 3. HP: 23/23 MP: 3/3
  1254 | D:2      | Reached ** piety under Trog
  1496 | D:3      | Reached XP level 4. HP: 25/29 MP: 4/4
  1541 | D:3      | Reached skill level 4 in Fighting
  2245 | D:4      | Found a stormy altar of Qazlal.
  2247 | D:4      | Noticed a fire elemental
  2248 | D:4      | Noticed an air elemental
  2248 | D:4      | Noticed a water elemental
  2248 | D:4      | Noticed an earth elemental
  2408 | D:4      | Reached XP level 5. HP: 17/33 MP: 5/5
  2776 | D:5      | Entered Level 5 of the Dungeon
  2858 | D:5      | Noticed Blork the orc
  2865 | D:5      | Noticed an ice beast
  2867 | D:5      | Killed Blork the orc
  2867 | D:5      | Reached XP level 6. HP: 20/39 MP: 6/6
  2873 | D:5      | Killed an ice beast
  2873 | D:5      | Reached skill level 5 in Fighting
  2873 | D:5      | Reached XP level 7. HP: 18/44 MP: 7/7
  3366 | D:5      | Noticed Menkaure
  3368 | D:5      | Noticed a troll
  3374 | D:5      | Slain by Menkaure

Skill      XL: |  1  2  3  4  5  6 |
---------------+-------------------+-----
Axes           | 3 4 |  4.2
Dodging        | 2 3 |  3.2
Armour         | 3 4 |  4.4
Fighting       | 4 5 |  5.2

Action                   |  1- 3 |  4- 6 |  7- 9 || total
-------------------------+-------+-------+-------++-------
Melee: Hand axe          |    59 |       |       ||    59
       War axe           |    56 |    92 |    15 ||   163
Invok: Berserk           |       |     1 |     1 ||     2
  Use: Scroll            |       |     4 |       ||     4
  Eat: Chunk             |     2 |     4 |     2 ||     8
Armor: Animal skin       |    37 |    35 |     4 ||    76
Dodge: Dodged            |   103 |    65 |    15 ||   183
